 Dungeon Crawl Stone Soup version 0.31.0-12-g77e489cdc1 (webtiles) character file.

Game seed: 529501161381946568

207 hawla the Slasher (level 5, -2/45 HPs)
             Began as a Minotaur Fighter on Feb 23, 2024.
             Slain by an orc
             ... wielding a +0 whip
              (5 damage)
             ... on level 4 of the Dungeon.
             The game lasted 00:05:40 (2189 turns).

hawla the Slasher (Minotaur Fighter)                Turns: 2189, Time: 00:05:41

Health: -2/45      AC:  9    Str: 26    XL:     5   Next: 54%
Magic:  4/4        EV:  9    Int: 15    God:
Gold:   106        SH:  4    Dex: 12    Spells: 4/4 levels left

rFire   . . .        t - +11 trident of Tadghiuwnu {spect, Int+4}
rCold   . . .        c - +0 buckler
rNeg    . . .        b - +0 scale mail
rPois   .            (helmet restricted)
rElec   .            u - +1 cloak
rCorr   .            (no gloves)
SInv    .            (no boots)
Will    .....        l - amulet of regeneration Stlth
                     j - +6 ring of intelligence
HPRegen 1.07/turn    n - +6 ring of strength
MPRegen 0.09/turn

%: no passive effects
@: no status effects
A: horns 2, retaliatory headbutt
a: no special abilities


You were on level 4 of the Dungeon.
You visited 1 branch of the dungeon, and saw 4 of its levels.

You collected 106 gold pieces.

Inventory:

Hand Weapons
 a - a +0 long sword
 t - the +11 trident of Tadghiuwnu (weapon) {spect, Int+4}
   (You found it on level 4 of the Dungeon)

   Int+4:     It affects your intelligence (+4).
Armour
 b - a +0 scale mail (worn)
 c - a +0 buckler (worn)
 u - a +1 cloak (worn)
Jewellery
 j - a +6 ring of intelligence (left hand)
 l - an amulet of regeneration (around neck)
 n - a +6 ring of strength (right hand)
Scrolls
 e - a scroll of poison
 f - a scroll of silence
 m - a scroll of fog
 p - a scroll of enchant weapon {unknown}
 q - a scroll of revelation {unknown}
 s - a scroll of noise {unknown}
Potions
 d - a potion of might
 h - 2 potions of lignification
 r - a potion of brilliance {unknown}


   Skills:
 - Level 3.6 Fighting
 - Level 7.0 Long Blades
 + Level 0.8 Polearms
 - Level 3.6 Armour
 - Level 3.6 Shields


You had 4 spell levels left.
You didn't know any spells.
Your spell library was empty.

Dungeon Overview and Level Annotations

Branches:
Dungeon (4/15)
 Temple: D:4-7

Altars:
Cheibriados
Elyvilon
Gozag
Hepliaklqana
Makhleb
Nemelex Xobeh
Sif Muna
Trog

Shops:
D:1 [

Annotations:
D:1 dig the loot
D:3 1 runed translucent door, Gadfly's ghost, weakling DEAl


Innate Abilities, Weirdness & Mutations

You have a pair of horns on your head.
You reflexively headbutt those who attack you in melee.


Message History

The goblin closely misses you. The orc hits you but does no damage.
The orc hits you with a +0 short sword.
Reach: t) +11 trident of Tadghiuwnu {spect, Int+4}
Press: ? - help, Dir - move target, f/p - orc priest
Aim: an orc priest, wielding a +0 flail and wearing a +0 leather armour (about 31% to evade the +11 trident of Tadghiuwnu)
You reach to attack!
You hit the orc priest.
The orc priest is moderately wounded.
Your +11 trident of Tadghiuwnu {spect, Int+4} barely misses the orc priest.
You feel sick. The goblin closely misses you. The orc completely misses you.
The orc hits you with a +0 mace. You block the goblin's attack.
The goblin hits you with a +0 club. The orc barely misses you.
The orc hits your +11 trident of Tadghiuwnu {spect, Int+4} with a +0 short sword.
The orc priest invokes the aid of Beogh against you.
Beogh smites you! The goblin barely misses you.
As you read the scroll of teleportation, it crumbles to dust.
You feel strangely unstable.
Your +11 trident of Tadghiuwnu {spect, Int+4} disappears.
You feel sick. The goblin hits you with a +0 club.
* * * LOW HITPOINT WARNING * * *
The orc hits you with a +0 mace.
* * * LOW HITPOINT WARNING * * *
You block the orc's attack. You block the goblin's attack.
It was a potion of magic.
Magic courses through your body.
You feel sick. You block the goblin's attack. The orc completely misses you.
You furiously retaliate!
You headbutt the orc. The orc hits you but does no damage.
The goblin hits you but does no damage.
It was a potion of curing.
You feel better. The goblin barely misses you.
The goblin hits you with a +0 club.
* * * LOW HITPOINT WARNING * * *
The orc hits you with a +0 short sword.
* * * LOW HITPOINT WARNING * * *
The orc hits you but does no damage.
The orc priest hits you with a +0 flail.
* * * LOW HITPOINT WARNING * * *
It was a potion of cancellation.
You feel strangely stable.
You feel magically purged. The goblin hits you with a +0 club.
* * * LOW HITPOINT WARNING * * *
The orc hits you but does no damage. The orc hits you with a +0 whip.
You die...

#............ #....[.......
#..........# #..........#
#..........# #..........#
#..oog.....#
#..o@g.....######
########...oo..........# .
^.....##########......#
#.#######...# #......#
#........>..# ######......#
#....#....# #...........#
#.#....#.######.)........[#
#(.....##...............#
#..#.#.##.###...........#


You could see an orc priest, 4 orcs and 2 goblins.

Vanquished Creatures
  A scorpion (D:3)
  A jelly (D:4)
  Robin (D:4)
  4 adders
  A dart slug (D:1)
  4 endoplasms
  3 giant cockroaches
  16 goblins
  8 hobgoblins
  7 kobolds
  4 quokkas
  8 ball pythons
  6 bats
  2 frilled lizards
  4 rats
70 creatures vanquished.

Notes
Turn   | Place    | Note
-------+----------+-------------------------------------------
     0 | D:1      | hawla the Minotaur Fighter began the quest for the Orb.
     0 | D:1      | Reached XP level 1. HP: 19/19 MP: 0/0
    84 | D:1      | Found Siyt's Antique Armour Shoppe.
   132 | D:1      | Reached skill level 3 in Long Blades
   139 | D:1      | Reached XP level 2. HP: 12/26 MP: 1/1
   443 | D:1      | Reached skill level 4 in Long Blades
   592 | D:1      | Found a faded altar of an unknown god.
   841 | D:2      | Reached XP level 3. HP: 25/31 MP: 2/2
   963 | D:2      | Reached skill level 5 in Long Blades
  1515 | D:3      | Found a sparkling altar of Nemelex Xobeh.
  1531 | D:3      | Reached XP level 4. HP: 39/39 MP: 3/3
  1544 | D:3      | Noticed a scorpion
  1555 | D:3      | Killed a scorpion
  1556 | D:3      | Reached skill level 6 in Long Blades
  1715 | D:3      | Found a burning altar of Makhleb.
  1716 | D:3      | Found a shimmering blue altar of Sif Muna.
  1724 | D:3      | Found a white marble altar of Elyvilon.
  1726 | D:3      | Found an opulent altar of Gozag.
  1727 | D:3      | Found a snail-covered altar of Cheibriados.
  1729 | D:3      | Found a bloodstained altar of Trog.
  1733 | D:3      | Found a hazy altar of Hepliaklqana.
  1909 | D:3      | Reached XP level 5. HP: 41/45 MP: 4/4
  2037 | D:3      | Found a runed translucent door.
  2037 | D:3      | Noticed Gadfly's ghost (weakling DEAl)
  2085 | D:4      | Noticed Robin
  2107 | D:4      | Killed Robin
  2124 | D:4      | Reached skill level 7 in Long Blades
  2171 | D:4      | Identified the +11 trident of Tadghiuwnu {spect, Int+4}
  2189 | D:4      | Slain by an orc

Illustrated notes

Levels and vault maps discovered:
D:1:      psy_arrival_statuary, layout_loops_ring, serial_glass,
          glass_columns_b, glass_columns_c, glass_columns_a, glass_columns_a,
          glass_columns_a, glass_columns_a, glass_columns_a, glass_columns_b,
          glass_columns_b, glass_columns_a, glass_columns_c, glass_columns_b,
          glass_columns_a, glass_columns_c, due_unseen_surprise,
          minmay_strange_pillars, minmay_strange_pillars,
          chequers_ecumenical_altar_grove, serial_shops, shop
D:2:      layout_basic, minivault_27, kennysheep_cross_room
D:3:      layout_rooms, nicolae_overflow_hallway_of_the_gods,
          mainiacjoe_overflow_catwalk, gammafunk_ghost_grave, minivault_5,
          amcnicky_mini_rare_corridor_liquid, nicolae_figureground_pulse
D:4:      layout_basic, minmay_misc_feat_rows, uniq_crazy_yiuf_cottage,
          uniq_robin

Skill      XL: |  1  2  3  4  5 |
---------------+----------------+-----
Long Blades    | 3 4 5 6 7 |  7.0
Fighting       | |  3.6
Polearms       | |  0.8
Armour         | |  3.6
Shields        | |  3.6

Action                     |  1- 3 |  4- 6 || total
---------------------------+-------+-------++-------
  Melee: Long sword        |    87 |    63 ||   150
         Headbutt          |    13 |     7 ||    20
         Trident           |       |     2 ||     2
    Use: Scroll            |     5 |     3 ||     8
         Potion            |       |     3 ||     3
 Armour: Scale mail        |    45 |    52 ||    97
  Dodge: Dodged            |    45 |    25 ||    70
  Block: Buckler           |    26 |    20 ||    46
